 Dungeon Crawl Stone Soup version 0.29.1-15-g9cfb28693d (webtiles) character file.

Game seed: 7574406289830948970

365 Peloso the Covered (level 6, 0/53 HPs)
             Began as a Minotaur Fighter on Apr 15, 2023.
             Was an Initiate of Okawaru.
             Killed from afar by a white imp (8 damage)
             ... with a puff of frost
             ... on level 4 of the Dungeon.
             The game lasted 00:04:44 (3871 turns).

Peloso the Covered (Minotaur Fighter)               Turns: 3871, Time: 00:04:44

Health: 0/53       AC: 10    Str: 20    XL:     6   Next: 40%
Magic:  5/5        EV:  7    Int:  7    God:    Okawaru [......]
Gold:   201        SH: 10    Dex: 18    Spells: 5/5 levels left

rFire   . . .      SeeInvis .   b - +9 flail of Viuseir {vorpal, rElec Int+2 Dex+6}
rCold   . . .      Faith    .   d - +0 buckler
rNeg    . . .      Spirit   .   c - +0 chain mail
rPois   +          Reflect  +   (helmet restricted)
rElec   +          Harm     .   (no cloak)
rCorr   .          Rampage  .   (no gloves)
Will    .....                   (no boots)
Stlth   ..........              o - amulet of reflection
HPRegen 0.17/turn               f - ring of poison resistance
MPRegen 0.09/turn               (no ring)

@: no status effects
A: horns 2, retaliatory headbutt
a: Renounce Religion


You were on level 4 of the Dungeon.
You worshipped Okawaru.
Okawaru was noncommittal.
You visited 1 branch of the dungeon, and saw 5 of its levels.

You collected 201 gold pieces.

Inventory:

Hand Weapons
 a - a +0 long sword
 b - the +9 flail of Viuseir (weapon) {vorpal, rElec Int+2 Dex+6}
   (You found it on level 4 of the Dungeon)

   It inflicts extra damage upon your enemies.
   Int:       It affects your intelligence (+2).
   Dex:       It affects your dexterity (+6).
   rElec:     It insulates you from electricity.
Armour
 c - a +0 chain mail (worn)
 d - a +0 buckler (worn)
Jewellery
 f - a ring of poison resistance (left hand)
 o - an amulet of reflection (around neck)
Wands
 k - a wand of flame (2)
 n - a wand of paralysis (1)
Scrolls
 e - 2 scrolls of enchant armour
 j - a scroll of fog
 p - a scroll of magic mapping
 r - 2 scrolls of identify
 s - a scroll of teleportation {unknown}
Potions
 g - a potion of resistance {unknown}
 h - 2 potions of magic
 i - 2 potions of curing
 l - a potion of mutation
 m - a potion of might
 q - a potion of degeneration {unknown}
 t - a potion of flight {unknown}


   Skills:
 + Level 4.3 Fighting
 + Level 5.0 Long Blades
 + Level 0.4 Maces & Flails
 + Level 6.6 Armour
 + Level 0.5 Dodging
 + Level 0.1 Stealth
 + Level 4.1 Shields


You had 5 spell levels left.
You didn't know any spells.
Your spell library contained the following spells:

 Spells                   Type           Power      Damage    Failure   Level
 Ensorcelled Hibernation  Hex/Ice        0%         N/A       100%        2
 Passwall                 Tmut/Erth      0%         N/A       100%        2
 Swiftness                Air            0%         N/A       100%        3
 Corpse Rot               Necr/Pois/Air  0%         N/A       100%        4
 Dispel Undead            Necr           0%         3d6       100%        4
 Death Channel            Necr           Unusable   N/A       N/A         6

Dungeon Overview and Level Annotations

Branches:
Dungeon (5/15)
 Temple: D:4-7

Altars:
Ashenzari
Dithmenos
Gozag
Okawaru


Innate Abilities, Weirdness & Mutations

You have a pair of horns on your head.
You reflexively headbutt those who attack you in melee.


Message History

The orc priest invokes the aid of Beogh against you.
Beogh smites you!
The white imp hits you but does no damage.
The hound bites you.
The white imp hits you but does no damage.
You barely miss the hound.
The hound is severely wounded.
The hound bites you but does no damage. You block the hound's attack.
You block the white imp's attack.
Unknown command.
You block the hound's attack.
The orc priest looks encouraged for a moment.
The hound barely misses you. The white imp attacks as you move away!
The white imp hits you but does no damage.
You block the hound's attack.
The orc priest looks encouraged for a moment.
There is a stone staircase leading up here.
The hound bites you but does no damage. The white imp gestures at you.
The puff of frost hits you!
The orc priest mumbles some strange prayers to Beogh against you.
Beogh smites you!
* * * LOW HITPOINT WARNING * * *
The hound bites you but does no damage.
You climb upwards.
There is a stone staircase leading down here.
Unknown command.
You thump the hound!
You kill the hound!
Okawaru accepts your kill. The white imp hits you.
* * * LOW HITPOINT WARNING * * *
The white imp freezes you.
* * * LOW HITPOINT WARNING * * *
You closely miss the white imp.
The white imp hits you but does no damage.
The white imp gestures at you. The puff of frost hits you!
You die...

.#)........# ##.# .#.........#
##..# ...........# ##..##
##.........## #..## #..........##
#.## ##...........######.########
.....#######...............#
.##### #######.5...######.#
.##### ##.....#.@.########.#
.....# #........†.......##.#
.....###..##........##..##.#
......##.#..#......#..#.##.#
.........#............#..#.#
......##..############...#.# ~
......##.................#.### ~~
......##.#######.#...###.#...####
#####.##.#<# #.###...#.###.....


You could see a white imp.

Vanquished Creatures
  A bullfrog (D:4)
  4 orc priests
  2 hounds (D:4)
  6 adders
  A worm (D:4)
  11 orcs
  4 bats
  7 endoplasms
  4 giant cockroaches
  6 goblins
  5 hobgoblins
  A quokka (D:3)
  3 ball pythons
  4 frilled lizards
  4 kobolds
  2 rats (D:2)
65 creatures vanquished.

Vanquished Creatures (others)
  5 fungi (D:4)
5 creatures vanquished.

Grand Total: 70 creatures vanquished

Notes
Turn   | Place    | Note
-------+----------+-------------------------------------------
     0 | D:1      | Peloso the Minotaur Fighter began the quest for the Orb.
     0 | D:1      | Reached XP level 1. HP: 19/19 MP: 0/0
   492 | D:1      | Reached XP level 2. HP: 27/27 MP: 1/1
  1245 | D:2      | Reached skill level 4 in Armour
  1252 | D:2      | Reached XP level 3. HP: 30/33 MP: 2/2
  1417 | D:2      | Found a faded altar of an unknown god.
  1871 | D:3      | Reached skill level 5 in Armour
  1871 | D:3      | Reached XP level 4. HP: 33/40 MP: 3/3
  1958 | D:3      | Found an opulent altar of Gozag.
  1989 | D:3      | Found a broken altar of Ashenzari.
  2212 | D:3      | Found an iron altar of Okawaru.
  2235 | D:3      | Became a worshipper of Warmaster Okawaru
  2702 | D:3      | Found a shadowy altar of Dithmenos.
  2852 | D:4      | Reached XP level 5. HP: 34/46 MP: 4/4
  2870 | D:4      | Identified the +9 flail of Viuseir {vorpal, rElec Int+2
                  | Dex+6}
  3108 | D:4      | Reached skill level 6 in Armour
  3108 | D:4      | Reached XP level 6. HP: 46/52 MP: 5/5
  3277 | D:4      | Reached skill level 5 in Long Blades
  3840 | D:5      | Entered Level 5 of the Dungeon
  3871 | D:4      | Killed from afar by a white imp

Illustrated notes

Levels and vault maps discovered:
D:1:      sevenhm_arrival_forest_fort_large_3, layout_loops_corners
D:2:      layout_rooms, chequers_ecumenical_altar_simple
D:3:      layout_loops_ring, evilmike_ruin_ashenzari, grunt_gozag_breadcrumbs,
          mainiacjoe_overflow_alcove_2, mainiacjoe_overflow_cross_hatched
D:4:      layout_basic, serial_aquarium, aquarium_bridge_long_separate
          [aquarium_subvault_bridge, aquarium_subvault_wall,
          aquarium_subvault_wall, aquarium_subvault_bridge,
          aquarium_subvault_wall, aquarium_subvault_balcony],
          aquarium_window_fake, aquarium_window_double, aquarium_view_2e,
          aquarium_balcony_1b, aquarium_pool_1, minmay_curled_crystal
D:5:      layout_gridville, mainiacjoe_overflow_tiny_flanked, slow_altar_1,
          minmay_temple_entry_glassed_door

Skill      XL: |  1  2  3  4  5  6 |
---------------+-------------------+-----
Fighting       | 4 |  4.3
Armour         | 4 5 6 |  6.6
Long Blades    | 3 4 5 |  5.0
Shields        | 4 |  4.1
Maces & Flails | |  0.4
Dodging        | |  0.5
Stealth        | |  0.1

Action                   |  1- 3 |  4- 6 || total
-------------------------+-------+-------++-------
Melee: Long sword        |    79 |    83 ||   162
       Headbutt          |     6 |    12 ||    18
       Flail             |       |    28 ||    28
  Use: Potion            |     2 |       ||     2
       Scroll            |     1 |     4 ||     5
Armor: Scale mail        |    54 |     2 ||    56
       Chain mail        |       |    44 ||    44
Dodge: Dodged            |    37 |    27 ||    64
Block: Buckler           |    18 |    50 ||    68
